 Dungeon Crawl Stone Soup version 0.21.1-1-g345015fe64 (webtiles) character file.

115364 KingHarkinian the Warrior (level 16, -1/247 HPs)
             Began as a Minotaur Berserker on Apr 14, 2018.
             Was a High Priest of Trog.
             Slain by a spectral tyrant leech (3 damage)
             ... called from beyond by a ghost crab
             ... on level 2 of the Swamp on Apr 15, 2018.
             The game lasted 02:15:34 (23630 turns).

KingHarkinian the Warrior (Minotaur Berserker)     Turns: 23630, Time: 02:15:34

Health: -1/247     AC: 28    Str: 27    XL:     16   Next: 18%
Magic:  0/15       EV:  2    Int:  4    God:    Trog [*****.]
Gold:   2117       SH:  0    Dex: 12    Spells: 15/15 levels left

rFire    . . .     SeeInvis .   w - +3 executioner's axe (venom)
rCold    . . .     Gourm    .   (shield currently unavailable)
rNeg     + + +     Faith    .   (armour currently unavailable)
rPois    +         Spirit   +   (helmet currently unavailable)
rElec    .         Reflect  .   (cloak currently unavailable)
rCorr    .         Harm     .   (gloves currently unavailable)
MR       +++..     NoTele   +   (boots currently unavailable)
Stlth    +.........             T - amulet of guardian spirit
HPRegen  1.51/turn              i - +6 ring of evasion
MPRegen  0.14/turn              v - ring of poison resistance

@: tree-form, regenerating
A: (retaliatory headbutt)
a: Berserk, Trog's Hand, Brothers in Arms, Burn Spellbooks, Renounce Religion


You were on level 2 of the Swamp.
You worshipped Trog.
Trog was extremely pleased with you.
You were hungry.
You were a tree.
You visited 5 branches of the dungeon, and saw 26 of its levels.
You also visited: Labyrinth.

You collected 2176 gold pieces.
You spent 59 gold pieces at shops.

Inventory:

Hand Weapons
 w - a +3 executioner's axe of venom (weapon)
 W - a +0 eveningstar of flaming
Missiles
 e - 812 stones
 z - 27 tomahawks (quivered)
Armour
 a - a +1 hat (melded)
 h - a +7 plate armour of magic resistance (melded)
 l - a +2 pair of boots (melded)
 D - a +0 pair of gloves (melded)
 O - a scarf of cloud immunity (melded)
Jewellery
 i - a +6 ring of evasion (left branch)
 k - an uncursed ring of see invisible
 v - a ring of poison resistance (right branch)
 y - an uncursed ring of stealth {unknown}
 N - a +1 ring of protection
 Q - an uncursed ring of protection from magic
 S - an uncursed ring of resist corrosion
 T - an amulet of guardian spirit (around neck)
Wands
 q - a wand of disintegration (52)
 s - a wand of polymorph (17)
 u - a wand of random effects (62)
 x - a wand of iceblast (16)
 B - a wand of acid (11)
 C - a wand of scattershot (3)
 E - a wand of enslavement (12)
 G - a wand of digging (48)
 L - a wand of paralysis (15)
Scrolls
 b - 3 scrolls of remove curse
 j - 2 scrolls of immolation
 o - 3 scrolls of fear
 r - a scroll of silence {unknown}
 F - a scroll of fog
 H - 3 scrolls of magic mapping
 I - 2 scrolls of blinking
 P - 7 scrolls of teleportation
Potions
 d - 10 potions of curing
 f - 7 potions of haste
 m - a potion of invisibility
 n - 3 potions of might {unknown}
 p - 2 potions of berserk rage {unknown}
 t - 2 potions of lignification
 J - a potion of agility
 R - a potion of flight
 V - 2 potions of ambrosia {unknown}
 X - 2 potions of cancellation
Books
 K - a book of Spatial Translocations

   Spells                             Type                      Level
   a - Blink                          Translocation                2
   b - Shroud of Golubria             Charms/Translocation         2
   c - Lesser Beckoning               Translocation                3
   d - Gell's Gravitas                Translocation                3
   e - Teleport Other                 Translocation                3
   f - Passage of Golubria            Translocation                4
   Trog disapproves of the use of such an item.
Miscellaneous
 A - a lightning rod (1/4)
Comestibles
 c - 50 rations
 g - 3 inedible chunks of flesh
 M - a chunk of flesh


   Skills:
 * Level 20.5 Fighting
 + Level 17.0 Axes
 + Level 14.7 Armour
 + Level 13.7 Dodging


You had 15 spell levels left.
You didn't know any spells.

Dungeon Overview and Level Annotations

Branches:
Dungeon (15/15)            Temple (1/1) D:4            Lair (6/6) D:10
  Swamp (2/4) Lair:4       Spider (0/4) Lair:2        Slime (0/5) Lair:6
    Orc (2/2) D:9             Elf (0/3) Orc:2        Vaults (0/5) D:13
 Depths (0/5) D:15

Altars:
Ashenzari
Cheibriados
Dithmenos
Elyvilon
Fedhas
Gozag
Hepliaklqana
Kikubaaqudgha
Makhleb
Nemelex Xobeh
Okawaru
Qazlal
Ru
Sif Muna
Trog
Uskayaw
Vehumet
Wu Jian
Xom
Yredelemnul
Zin
The Shining One

Shops:
D:12 (   Orc:2 [*[=

Annotations:
D:6 2 exclusions
D:10 3 runed doors
Lair:5 exclusion: 2 oklob plants
Orc:2 1 runed door


Innate Abilities, Weirdness & Mutations

((You reflexively headbutt those who attack you in melee.))
((You have a pair of horns on your head.))


Message History

The ghost crab is heavily damaged.
You hit the spectral tyrant leech but do no damage.
You are engulfed in spectral mist.
The ghost crab bites you but does no damage.
The ghost crab claws you.
* * * LOW HITPOINT WARNING * * *
The insubstantial wisp is engulfed in spectral mist.
The insubstantial wisp is destroyed!
The spectral tyrant leech bites you.
* * * LOW HITPOINT WARNING * * *
Your skin crawls.
You feel resistant to hostile enchantments.
You are feeling hungry.
You are engulfed in spectral mist.
The briar patch crumbles away.
The ghost crab breathes spectral mist at you.
The spectral mist engulfs you!
The thorn hunter fires a volley of thorns at you.
Helpless, you fail to dodge the volley of thorns.
The spectral tyrant leech bites you.
You die...

.≈≈..≈♣ ≈≈≈≈...♣♣♣
≈≈...≈≈..♣♣ ≈?..≈≈≈≈..♣
≈...§≈≈≈≈.♣♣ ≈≈
≈≈..≈≈≈≈≈..♣ .≈≈≈≈≈.
....≈≈§§§§.♣♣ ♣♣§.≈≈≈..
♣≈≈.≈≈§♣§≈≈.♣♣♣≈.... ≈.≈
.§≈≈≈≈ZtZv.♣.≈.P.P≈♣ ..
.≈.≈≈§≈.≈†.♣≈≈.v≈♣ ♣.
≈...≈≈≈..≈.≈....♣ ♣♣≈
.≈≈≈>.≈≈≈.f.%..≈♣ ♣♣≈≈
≈≈≈≈..≈≈≈≈.....♣♣ ♣♣≈≈≈
.≈....≈≈≈≈≈≈...♣♣♣♣♣.≈..
......$≈≈P≈≈≈.......≈≈..
...≈≈≈≈P≈P}....≈≈≈..


You could see a thorn hunter, a ghost crab, a spectral tyrant leech, a spectral
swamp drake and an insubstantial wisp.

Vanquished Creatures
  Rupert (Lair:6)
  Gastronok (Lair:1)
  A thorn hunter (Swamp:1)
  Agnes (D:15)
  An orc warlord (Orc:1)
  A minotaur (Lab)
  Snorg (Lair:4)
  Harold (Lair:1)
  9 hydras
  2 rakshasas
  3 vault guards (D:13)
  Fannar (Lair:1)
  A catoblepas (Lair:5)
  6 centaur warriors
  2 alligators (Swamp:1)
  A tengu warrior (D:15)
  8 two-headed ogres
  An ogre mage (D:10)
  3 orc high priests (Orc:2)
  Nergalle (Lair:2)
  2 skeletal warriors (D:15)
  3 unseen horrors
  A flayed ghost (D:15)
  2 wizards
  A wolf spider zombie (D:15)
  13 ugly things
  4 deep elf magi
  8 orc knights
  An orb spider (shapeshifter) (D:10)
  A necromancer (D:15)
  An orb spider (Lair:2)
  4 orc sorcerers
  A manticore (D:10)
  A salamander (shapeshifter) (D:14)
  10 cyclopes
  8 elephants
  3 centaur zombies
  2 black mambas
  16 spiny frogs
  An efreet (D:12)
  A kobold demonologist (D:13)
  6 rime drakes
  A yaktaur zombie (D:15)
  6 komodo dragons
  2 yaktaurs
  A tyrant leech (Swamp:2)
  3 polar bears (Lair:6)
  4 trolls
  4 hornets
  6 dream sheep
  6 slime creatures
  A deep troll zombie (D:15)
  A bog body (Swamp:1)
  24 blink frogs
  8 hippogriffs
  4 wyverns
  14 spriggans
  An ice dragon skeleton (D:15)
  15 yaks
  2 shadows
  2 vampires
  A basilisk (shapeshifter) (D:15)
  2 steam dragons
  A hungry ghost (D:13)
  7 basilisks
  A human (D:13)
  3 wargs
  2 insubstantial wisps (Swamp:2)
  4 swamp worms (Swamp:1)
  10 vampire mosquitoes
  7 porcupines
  2 hell hounds (D:10)
  27 water moccasins
  2 ice beasts
  A black bear (shapeshifter) (D:13)
  6 swamp drakes (Swamp:1)
  3 sky beasts
  4 black bears
  24 orc warriors
  3 phantoms
  10 ogres
  3 boggarts (Lair:6)
  3 necrophages
  20 wolves
  22 centaurs
  11 crocodiles
  5 gnoll sergeants (D:9)
  12 big kobolds
  15 bullfrogs
  3 wyvern skeletons
  A wyvern zombie (D:11)
  A tengu zombie (D:15)
  7 scorpions
  A water moccasin skeleton (D:6)
  6 killer bees
  24 wights
  5 howler monkeys
  3 electric eels
  12 crimson imps
  2 bullfrog zombies
  2 quasits
  6 hounds
  5 jellies (D:12)
  17 orc priests
  A bullfrog skeleton (D:5)
  4 centaur skeletons
  Jessica (D:3)
  21 orc wizards
  Natasha (D:2)
  6 iguanas
  12 worker ants
  2 mummies (D:8)
  A howler monkey zombie (D:8)
  A worker ant zombie (D:7)
  11 gnolls
  29 adders
  4 shadow imps
  3 oozes
  An adder skeleton (D:10)
  2 adder zombies (D:9)
  4 worms
  A dart slug (D:3)
  3 leopard geckos
  70 orcs
  7 giant cockroaches
  9 goblins
  9 hobgoblins
  10 jackals
  9 quokkas
  A ball python (D:4)
  2 ball python skeletons (D:4)
  8 bats
  4 frilled lizards
  A giant cockroach zombie (D:5)
  2 gnoll zombies (D:6)
  A goblin zombie (D:8)
  A hobgoblin zombie (D:8)
  15 kobolds
  2 kobold zombies (D:8)
  An orc zombie (D:8)
  2 quokka skeletons
  8 rats
  6 briar patches
  6 fungi
  2 plants
  A withered plant (D:15)
832 creatures vanquished.

Vanquished Creatures (collateral kills)
  The ghost of Name63 the Thaumaturge, a journeyman GnNe of Cheibriados (D:15)
  A centaur warrior (D:9)
  An orc knight (Orc:1)
  4 ugly things
  2 orc sorcerers
  A gargoyle (D:15)
  A hornet (Lair:6)
  6 dream sheep
  A spriggan (Lair:6)
  A vampire (D:9)
  A vampire mosquito (D:14)
  3 water moccasins
  A porcupine (Lair:1)
  3 orc warriors
  2 black bears (Lair:6)
  A necrophage (D:8)
  An ogre (Orc:1)
  A wolf (Lair:6)
  A boggart (Lair:6)
  3 bullfrogs
  4 wights
  An orc priest (Orc:1)
  5 orc wizards
  6 orcs
52 creatures vanquished.

Vanquished Creatures (others)
  A tyrant leech (Swamp:1)
  2 insubstantial wisps (Swamp:2)
  A centaur (D:10)
  A wyvern zombie (D:10)
  2 briar patches (Swamp:2)
  8 fungi
  8 plants (Lair:6)
23 creatures vanquished.

Grand Total: 907 creatures vanquished

Notes
Turn   | Place    | Note
-------+----------+-------------------------------------------
     0 | D:1      | KingHarkinian the Minotaur Berserker began the quest for the Orb.
     0 | D:1      | Reached XP level 1. HP: 19/19 MP: 0/0
   100 | D:1      | Reached XP level 2. HP: 24/27 MP: 1/1
   220 | D:1      | Reached skill level 4 in Fighting
   418 | D:1      | Reached XP level 3. HP: 17/33 MP: 2/2
   584 | D:1      | Reached ** piety under Trog
   815 | D:2      | Reached skill level 5 in Axes
   881 | D:2      | Reached XP level 4. HP: 17/41 MP: 3/3
  1160 | D:2      | Found a glowing golden altar of the Shining One.
  1285 | D:2      | Found a hazy altar of Hepliaklqana.
  1293 | D:2      | Noticed Natasha
  1298 | D:2      | Killed Natasha
  1737 | D:3      | Found a white marble altar of Elyvilon.
  1982 | D:3      | Noticed a centaur
  1989 | D:3      | Killed a centaur
  1989 | D:3      | Reached skill level 5 in Fighting
  1989 | D:3      | Reached XP level 5. HP: 30/48 MP: 4/4
  2502 | D:3      | Reached *** piety under Trog
  2514 | D:3      | Noticed Jessica
  2532 | D:3      | Killed Jessica
  2532 | D:3      | Reached XP level 6. HP: 56/56 MP: 5/5
  2820 | D:4      | Reached skill level 6 in Fighting
  3056 | D:4      | Reached XP level 7. HP: 61/63 MP: 6/6
  3131 | D:4      | Found a staircase to the Ecumenical Temple.
  3157 | Temple   | Entered the Ecumenical Temple
  3948 | D:5      | Entered Level 5 of the Dungeon
  4040 | D:5      | Got a smoking ring mail
  4051 | D:5      | Identified the cursed +0 ring mail of Wuzuhena {rC++} (You found it on level 5 of the Dungeon)
  4073 | D:5      | Reached **** piety under Trog
  4073 | D:5      | Reached skill level 7 in Fighting
  4218 | D:5      | Reached XP level 8. HP: 42/73 MP: 7/7
  4407 | D:5      | Reached skill level 10 in Axes
  4500 | D:5      | Found a glowing golden altar of the Shining One.
  4793 | D:6      | Found a deep blue altar of Sif Muna.
  4794 | D:6      | Found a radiant altar of Vehumet.
  4796 | D:6      | Found a blossoming altar of Fedhas.
  4799 | D:6      | Reached skill level 8 in Fighting
  4943 | D:6      | Found a deep blue altar of Sif Muna.
  5120 | D:6      | Found a basalt altar of Yredelemnul.
  5394 | D:7      | Got a warped ring mail
  5401 | D:7      | Reached skill level 9 in Fighting
  5513 | D:7      | Reached XP level 9. HP: 80/83 MP: 8/8
  6126 | D:7      | Reached skill level 5 in Armour
  6492 | D:8      | Reached skill level 10 in Fighting
  6557 | D:8      | Reached ***** piety under Trog
  6610 | D:8      | Reached skill level 5 in Dodging
  6981 | D:8      | Reached skill level 11 in Fighting
  6981 | D:8      | Reached XP level 10. HP: 61/95 MP: 9/9
  7005 | D:8      | Noticed a three-headed hydra
  7015 | D:8      | Killed a three-headed hydra
  7562 | D:9      | Noticed an eight-headed hydra
  7568 | D:9      | Killed an eight-headed hydra
  7568 | D:9      | Reached skill level 12 in Fighting
  7574 | D:9      | Noticed a centaur warrior
  7583 | D:9      | Killed a centaur warrior
  7634 | D:9      | Noticed a white ugly thing
  7641 | D:9      | Killed a white ugly thing
  8105 | D:9      | Identified the +1 ring mail of the Everdark {Int+3} (You found it on level 7 of the Dungeon)
  8355 | D:9      | Reached XP level 11. HP: 98/105 MP: 10/10
  8391 | D:9      | Found a staircase to the Orcish Mines.
  8415 | D:9      | Reached skill level 13 in Fighting
  8495 | D:9      | Noticed a wizard
  8501 | D:9      | Killed a wizard
  8618 | D:9      | Identified the Disquisition on Unholy Contamination
  8664 | D:10     | Entered Level 10 of the Dungeon
  8669 | D:10     | Found a staircase to the Lair.
  8769 | D:10     | Found a runed door.
  8769 | D:10     | Found a runed door.
  8769 | D:10     | Noticed a centaur warrior
  8770 | D:10     | Noticed a centaur warrior
  8774 | D:10     | Noticed a two-headed ogre
  8775 | D:10     | Found a runed door.
  8784 | D:10     | Received a gift from Trog
  8785 | D:10     | Got an ichor-stained broad axe {god gift}
  8788 | D:10     | Identified the +8 broad axe of Triumph {speed, rN+} (Trog gifted it to you on level 10 of the Dungeon)
  9109 | D:10     | Noticed an ogre mage
  9109 | D:10     | Noticed a deep elf mage
  9119 | D:10     | Killed an ogre mage
  9125 | D:10     | Killed a deep elf mage
  9140 | D:10     | Noticed an orb spider
  9140 | D:10     | a basilisk changed into an orb spider
  9150 | D:10     | Killed an orb spider
  9166 | D:10     | Found the +7 captain's cutlass {speed, disarm}
  9180 | D:10     | Got a crude morningstar
  9181 | D:10     | Identified the cursed +3 morningstar of Abomination {protect, *Drain MR+ Dex+3} (You found it on level 10 of the Dungeon)
  9553 | D:11     | Reached skill level 14 in Fighting
  9606 | D:11     | Got a twisted cloak
  9617 | D:11     | Identified the +0 cloak of the World {rN+} (You found it on level 11 of the Dungeon)
 10165 | D:12     | Noticed a two-headed ogre
 10170 | D:12     | Killed a two-headed ogre
 10170 | D:12     | Reached XP level 12. HP: 81/118 MP: 11/11
 10190 | D:12     | Noticed a two-headed ogre
 10196 | D:12     | Killed a two-headed ogre
 10475 | D:12     | Found a labyrinth entrance.
 10484 | Lab      | Entered a labyrinth
 10599 | Lab      | Noticed a minotaur
 10609 | Lab      | Killed a minotaur
 10627 | Lab      | Identified Koepp's Tome of the Mountains
 10633 | Lab      | Identified Obeph's Almanac of Hexes
 10815 | D:12     | Noticed a two-headed ogre
 10822 | D:12     | Killed a two-headed ogre
 10822 | D:12     | Reached skill level 10 in Armour
 11082 | D:12     | Found Cishronk's Weapon Emporium.
 11087 | D:12     | Bought 5 tomahawks for 25 gold pieces
 11146 | D:12     | Reached skill level 15 in Fighting
 11159 | D:12     | Received a gift from Trog
 11550 | Lair:1   | Entered Level 1 of the Lair of Beasts
 11552 | Lair:1   | Noticed Harold
 11596 | Lair:1   | Killed Harold
 11835 | Lair:1   | Noticed Gastronok
 11845 | Lair:1   | Killed Gastronok
 11867 | Lair:1   | Noticed Fannar
 11880 | Lair:1   | Killed Fannar
 11880 | Lair:1   | Reached skill level 10 in Dodging
 12518 | Lair:2   | Reached XP level 13. HP: 128/128 MP: 12/12
 12596 | Lair:2   | Found a hole to the Spider Nest.
 12632 | Lair:2   | Reached skill level 16 in Fighting
 13179 | Lair:2   | Noticed Nergalle
 13184 | Lair:2   | Killed Nergalle
 14554 | Lair:4   | Found a staircase to the Swamp.
 14608 | Lair:4   | Noticed Snorg
 14611 | Lair:4   | Killed Snorg
 15482 | Lair:5   | Received a gift from Trog
 15498 | Lair:5   | Reached skill level 17 in Fighting
 16213 | Lair:5   | Reached skill level 15 in Axes
 16400 | Lair:6   | Entered Level 6 of the Lair of Beasts
 16456 | Lair:6   | Reached XP level 14. HP: 140/140 MP: 13/13
 16589 | Lair:6   | Found a dark tunnel.
 16706 | Lair:6   | Noticed Rupert
 16716 | Lair:6   | Killed Rupert
 16981 | Lair:6   | Reached skill level 18 in Fighting
 17157 | Lair:6   | Found a staircase to the Slime Pits.
 17752 | Orc:1    | Entered Level 1 of the Orcish Mines
 17875 | Orc:1    | Found a bloodstained altar of Trog.
 17925 | Orc:2    | Entered Level 2 of the Orcish Mines
 17925 | Orc:2    | Found a staircase to the Elven Halls.
 17925 | Orc:2    | Found a runed door.
 18033 | Orc:1    | Noticed an orc warlord
 18450 | Orc:2    | Reached ****** piety under Trog
 18499 | Orc:2    | Received a gift from Trog
 18523 | Orc:2    | Found Kauble's Antique Armour Shoppe.
 18523 | Orc:2    | Found Nelynk's Jewellery Boutique.
 18565 | Orc:2    | Found Faaloc's Armour Boutique.
 18565 | Orc:2    | Found Aptoatzo's General Store.
 18574 | Orc:2    | Bought a scroll of identify for 34 gold pieces
 18802 | Orc:1    | Killed an orc warlord
 19008 | Orc:1    | Received a gift from Trog
 19715 | D:13     | Reached XP level 15. HP: 151/151 MP: 12/14
 19781 | D:13     | Reached skill level 19 in Fighting
 20225 | D:13     | Found a gate to the Vaults.
 20388 | D:14     | Received a gift from Trog
 20595 | D:14     | Found a frozen archway.
 21157 | D:15     | Entered Level 15 of the Dungeon
 21161 | D:15     | Noticed Name63's ghost (journeyman GnNe)
 21421 | D:15     | Killed Name63's ghost
 21609 | D:15     | Noticed Agnes
 21619 | D:15     | Killed Agnes
 21676 | D:15     | Found a staircase to the Depths.
 21684 | D:15     | Reached skill level 20 in Fighting
 21943 | D:15     | Received a gift from Trog
 22424 | Swamp:1  | Entered Level 1 of the Swamp
 22672 | Swamp:1  | Noticed a thorn hunter
 22684 | Swamp:1  | Killed a thorn hunter
 22684 | Swamp:1  | Reached XP level 16. HP: 124/163 MP: 11/15
 23609 | Swamp:2  | Noticed a thorn hunter
 23622 | Swamp:2  | HP: 7/165 [thorn hunter/volley of thorns (13)]
 23623 | Swamp:2  | HP: 2/165 [thorn hunter/volley of thorns (13)]
 23628 | Swamp:2  | HP: 3/247 [ghost crab] (3)]
 23629 | Swamp:2  | HP: 1/247 [spectral tyrant leech[a ghost crab] (2)]
 23630 | Swamp:2  | Slain by a spectral tyrant leech

Skill      XL: |  1  2  3  4  5  6  7  8  9 10 11 12 13 14 15 16 |
---------------+-------------------------------------------------+-----
Axes           | 4 5 6 7 8 9 10 11 12 13 14 15 16 17 | 17.0
Fighting       | 4 5 6 7 9 11 12 14 15 17 18 20 | 20.5
Armour         | 4 6 7 9 11 12 13 14 | 14.7
Dodging        | 3 5 7 8 10 11 12 13 | 13.7

Action                   |  1- 3 |  4- 6 |  7- 9 | 10-12 | 13-15 | 16-18 || total
-------------------------+-------+-------+-------+-------+-------+-------++-------
Melee: Hand axe          |    72 |   101 |   169 |       |       |       ||   342
       Headbutt          |    12 |    29 |    67 |   105 |   208 |    22 ||   443
       War axe           |       |       |   165 |    61 |       |       ||   226
       Morningstar       |       |       |       |    37 |       |       ||    37
       Battleaxe         |       |       |       |   344 |   536 |       ||   880
       Eveningstar       |       |       |       |       |    24 |    69 ||    93
       Broad axe         |       |       |       |       |     4 |       ||     4
       Executioner's axe |       |       |       |       |   334 |    16 ||   350
Throw: Stone             |    19 |     7 |    20 |       |       |       ||    46
       Tomahawk          |       |       |       |     5 |    11 |     8 ||    24
Invok: Berserk           |       |     3 |     7 |     7 |    26 |     4 ||    47
       Trog's Hand       |       |       |     3 |     7 |    14 |     1 ||    25
       Brothers in Arms  |       |       |     2 |     3 |    10 |       ||    15
       Burn Spellbooks   |       |       |       |     2 |     1 |       ||     3
Evoke: Lightning rod     |       |       |       |       |     4 |       ||     4
       Wand              |       |       |       |       |     1 |     2 ||     3
  Use: Scroll            |       |     5 |     6 |    13 |    11 |     1 ||    36
       Potion            |       |       |       |       |       |     3 ||     3
 Stab: Confused          |       |       |       |       |     1 |       ||     1
  Eat: Chunk             |       |     9 |    18 |    21 |    64 |     1 ||   113
       Ration            |       |       |     1 |     2 |     1 |     2 ||     6
Armor: Animal skin       |    11 |    12 |       |       |       |       ||    23
       Leather armour    |       |     9 |     4 |       |       |       ||    13
       Ring mail         |       |       |   100 |    25 |       |       ||   125
       Chain mail        |       |       |    25 |       |       |       ||    25
       Plate armour      |       |       |       |   280 |   611 |    40 ||   931
       Skin              |       |       |       |       |       |    11 ||    11
Dodge: Dodged            |    41 |    59 |   181 |   236 |   761 |    87 ||  1365
